 Dungeon Crawl Stone Soup version 0.25-a0-166-g16436c4407 (webtiles) character file.

Game seed: 3885146276617594084, levelgen mode: deterministic

67 Slothtographer the Cudgeler (level 4, 0/35 HPs)
             Began as a Human Monk on Nov 24, 2019.
             Slain by Sigmund
             ... wielding a +0 scythe
              (4 damage)
             ... on level 3 of the Dungeon.
             The game lasted 00:02:16 (1129 turns).

Slothtographer the Cudgeler (Human Monk)            Turns: 1129, Time: 00:02:16

Health: 0/35       AC:  3    Str: 13    XL:     4   Next: 38%
Magic:  4/4        EV: 13    Int: 10    God:
Gold:   71         SH:  0    Dex: 15    Spells: 3/3 levels left

rFire    . . .     SeeInvis .   e - +0 short sword (venom)
rCold    . . .     Gourm    .   (no shield)
rNeg     . . .     Faith    .   b - +0 robe
rPois    .         Spirit   .   p - +0 helmet
rElec    .         Reflect  .   (no cloak)
rCorr    .         Harm     .   (no gloves)
MR       .....                  (no boots)
Stlth    +.........             (no amulet)
HPRegen  0.11/turn              (no ring)
MPRegen  0.09/turn              (no ring)

@: confused
A: no striking features
a: no special abilities


You were on level 3 of the Dungeon.
You were hungry.

You visited 1 branch of the dungeon, and saw 3 of its levels.

You collected 71 gold pieces.

Inventory:

Hand Weapons
 a - a +0 mace
 e - a +0 short sword of venom (weapon)
 m - a +0 mace of protection
Armour
 b - a +0 robe (worn)
 p - a +0 helmet (worn)
Jewellery
 j - an uncursed ring of flight {unknown}
Wands
 n - a wand of acid (8)
Scrolls
 f - a scroll of remove curse {unknown}
 h - 2 scrolls of teleportation {unknown}
Potions
 d - 2 potions of curing {unknown}
 g - 2 potions of ambrosia {unknown}
 i - a potion of flight {unknown}
 k - 2 potions of heal wounds {unknown}
 l - a potion of berserk rage {unknown}
 o - a potion of resistance {unknown}
Comestibles
 c - 5 rations


   Skills:
 - Level 3.0 Fighting
 + Level 3.3 Short Blades
 - Level 3.3 Maces & Flails
 - Level 3.0 Dodging
 - Level 2.0 Stealth


You had 3 spell levels left.
You didn't know any spells.
Your spell library was empty.

Dungeon Overview and Level Annotations

Branches:
Dungeon (2/15)

Altars:

Annotations:
D:3 Sigmund


Message History

Sigmund is lightly wounded.
You hit Sigmund.
Sigmund is poisoned.
Sigmund is moderately wounded.
Sigmund mumbles some strange words.
Sigmund flickers and vanishes!
Deactivating autopickup; reactivate with Ctrl-A.
You barely miss something. Something hits you but does no damage.
You hit something. You hit something but do no damage. Something hits you.
You hit something but do no damage. Something hits you!
* * * LOW HITPOINT WARNING * * *
You closely miss something. You hit something.
You hear some strange, mumbled words.
You are confused.
A magic dart appears from out of thin air!
The magic dart hits you.
* * * LOW HITPOINT WARNING * * *
Something hits you.
You die...

.#...### ..
....... ##..
......# #..
......# #.#####
.....#
####......
..>..####.$...#
#..=.).#..##
#.†.....?##
#.@..#####
#.{#### ....##
....## .... ...
[.


There were no monsters in sight!

Vanquished Creatures
  2 adders (D:2)
  3 dart slugs (D:1)
  A leopard gecko (D:2)
  4 giant cockroaches
  5 goblins
  5 hobgoblins
  2 jackals (D:1)
  4 kobolds
  A quokka (D:2)
  A ball python (D:2)
  3 bats
  5 frilled lizards
  7 rats
43 creatures vanquished.

Notes
Turn   | Place    | Note
-------+----------+-------------------------------------------
     0 | D:1      | Slothtographer the Human Monk began the quest for the Orb.
     0 | D:1      | Reached XP level 1. HP: 18/18 MP: 1/1
   376 | D:1      | Reached XP level 2. HP: 22/24 MP: 2/2
   382 | D:1      | Reached skill level 1 in Short Blades
   517 | D:1      | Reached XP level 3. HP: 29/29 MP: 3/3
   932 | D:2      | Reached XP level 4. HP: 31/35 MP: 4/4
  1100 | D:2      | You fall into a shaft and drop 1 floor!
  1111 | D:3      | Noticed Sigmund
  1129 | D:3      | Slain by Sigmund

Levels and vault maps discovered:
D:1:      tarquinn_simple_flora_water_b, layout_rooms
D:2:      layout_basic, nicolae_overflow_crystal_walls, uniq_jessica
D:3:      layout_rooms, minitemple, first_ration, uniq_sigmund

Skill      XL: |  1  2  3  4 |
---------------+-------------+-----
Short Blades   | 1 2 3 |  3.3
Fighting       | |  3.0
Maces & Flails | |  3.3
Dodging        | |  3.0
Stealth        | |  2.0

Action                   |  1- 3 |  4- 6 || total
-------------------------+-------+-------++-------
Melee: Mace              |    12 |       ||    12
       Short sword       |    58 |    33 ||    91
 Stab: Sleeping          |     5 |     2 ||     7
Armor: Robe              |    17 |     2 ||    19
Dodge: Dodged            |    65 |    15 ||    80

Table legend:
 A = Non-vault XP
 B = Vault XP
 C = Vault XP percentage of total XP
 D = Non-vault monster count
 E = Vault monster count
 F = Vault count percentage of total count
                 A         B        C        D         E       F
            +---------+---------+-------+---------+---------+-------
      Total |      96 |       0 |   0.0 |      43 |       0 |   0.0
            +---------+---------+-------+---------+---------+-------
        D:1 |      42 |       0 |   0.0 |      24 |       0 |   0.0
        D:2 |      49 |       0 |   0.0 |      16 |       0 |   0.0
        D:3 |       5 |       0 |   0.0 |       3 |       0 |   0.0
            +---------+---------+-------+---------+---------+-------
